 Dungeon Sprint DCSS version 0.19.1 (webtiles) character file.

5348 equalderp2856 the Eviscerator (level 10, 49/49 HPs)
             Began as a Felid Fighter on Dec 18, 2016.
             Was the Champion of Lugonu.
             Starved to death
             ... in the Dungeon (Sprint IX: "|||||||||||||||||||||||||||||").
             The game lasted 00:16:21 (15896 turns).

equalderp2856 the Eviscerator (Felid Fighter)      Turns: 15896, Time: 00:16:21

Health: 49/49      AC:  3    Str: 20    XL:     10   Next: 38%
Magic:  14/14      EV: 33    Int: 10    God:    Lugonu [******]
Gold:   1858       SH:  0    Dex: 18    Spells: 0 memorised, 9 levels left
                                        Lives:  0   Deaths: 2

rFire  . . .     SeeInvis +       - Unarmed
rCold  + . .     Gourm    .     (armour unavailable)
rNeg   . . .     Faith    .     (shield unavailable)
rPois  .         Spirit   .     (helmet unavailable)
rElec  .         Reflect  .     (cloak unavailable)
rCorr  .         Harm     .     (gloves unavailable)
MR     +....     NoTele   +     (boots unavailable)
Stlth  ++++++....               (no amulet)
                                n - +3 ring of strength
                                m - +3 ring of strength

@: fainting, quick
A: no armour, no weapons or thrown items, stealth, claws 1, fangs 3, see
invisible, carnivore 3, speed 1, shaggy fur 3, slow metabolism 1, sharp paws
a: Bend Space, Banish, Corrupt, Renounce Religion


You were in the Dungeon.
You worshipped Lugonu.
Lugonu was exalted by your worship.
You were fainting.

You visited 1 branch You collected 1900 gold pieces.
You spent 42 gold pieces at shops.

Inventory:

Jewellery
 m - a +3 ring of strength (left paw)
 n - a +3 ring of strength (right paw)
 u - an uncursed ring of ice
 v - an uncursed ring of protection from cold
 w - an uncursed ring of protection from fire
Wands
 l - a wand of lightning (0/15)
 t - a wand of lightning (0/15)
Scrolls
 h - 4 scrolls of blinking
 j - 5 scrolls of remove curse
 k - 2 scrolls of amnesia
 q - 3 scrolls of fear
 r - a scroll of fog
 s - a scroll of identify
 x - 2 scrolls of recharging
Potions
 a - 2 potions of might
 c - a potion of invisibility
 d - a potion of brilliance
 e - a potion of haste
 f - 4 potions of magic
 g - 2 potions of berserk rage
 i - 3 potions of curing
 o - 6 potions of heal wounds
 p - a potion of cure mutation


   Skills:
 + Level 9.1 Fighting
 + Level 16.6 Dodging
 + Level 14.4 Stealth
 + Level 23.2 Unarmed Combat
 + Level 4.6 Invocations
 + Level 4.4 Evocations


You had 9 spell levels left.
You didn't know any spells.

Dungeon Overview and Level Annotations

Branches:
Dungeon (1/1)

Altars:
Cheibriados
Dithmenos
Elyvilon
Fedhas
Gozag
Hepliaklqana
Kikubaaqudgha
Makhleb
Nemelex Xobeh
Okawaru
Qazlal
Ru
Sif Muna
Trog
Uskayaw
Vehumet
Xom
Yredelemnul
Zin
The Shining One
Beogh
Jiyva
Lugonu

Shops:
D *=?*

Annotations:
D corrupted


Innate Abilities, Weirdness & Mutations

You cannot wear armour.
You are incapable of wielding weapons or throwing items.
Your paws allow you to move quietly. (Stealth)
You have sharp claws.
You have razor-sharp teeth.
You have supernaturally acute eyesight. (SInv)
You are carnivorous and can eat meat at any time.
You cover ground quickly.
Your thick and shaggy fur keeps you warm. (AC +3, rC+)
You have a slow metabolism.
Your sharp claws are effective at attacking unaware monsters.


Message History

You lose consciousness!
You can move again.
You lose consciousness!
You can move again.
There is an open door here.
You see here a flail.
There is an open door, spattered with blood here.
There is an open door to the Dungeon, spattered with blood here.
You see here a +1 chain mail.
You see here a +0 pair of gloves.
You see here a +0 cloak.
Items here: ))))))
You lose consciousness!
You can move again.
You see here an uncursed staff of energy.
You see here an uncursed staff of energy.
Items here: ))))))
You see here a +0 cloak.
You have starved to death.
You die...

▓▓▓▓▓▓▓▓▓▓▓▓▓▓▓▓▓▓▓▓▓▓▓▓▓▓▓▓▓▓▓▓▓
...).'......'..[@[)|..'._________
▓▓▓▓▓▓▓▓▓▓▓▓▓▓▓▓▓▓▓▓▓▓▓▓▓▓▓▓▓▓▓▓▓
.................................
▓▓▓▓▓▓▓▓▓▓▓▓▓▓▓▓▓▓▓▓▓▓▓▓▓▓▓▓▓▓▓▓▓
'..[[[[.%'(.[[........'.........'
▓▓▓▓▓▓▓▓▓▓▓▓▓▓▓▓▓▓▓▓▓▓▓▓▓▓▓▓▓▓▓▓▓
.................................
▓▓▓▓▓▓▓▓▓▓▓▓▓▓▓▓▓▓▓▓▓▓▓▓▓▓▓▓▓▓▓▓▓
.....'.).).∩)∩.∩.∩)))))'.........


There were no monsters in sight!

Vanquished Creatures
  Gastronok (D)
  A very ugly thing (D)
  An ettin (D)
  A fire dragon (D)
  Erolcha (D)
  A hydra (D)
  Erica (D)
  4 ogre magi (D)
  A deep troll shaman (D)
  A tengu warrior (D)
  An orc high priest (D)
  A wizard (D)
  A flayed ghost (D)
  An unseen horror (D)
  An orc knight (D)
  2 ugly things (D)
  A gargoyle (D)
  A spiny frog (shapeshifter) (D)
  3 komodo dragons (D)
  A rime drake (D)
  A troll (D)
  5 two-headed ogres (D)
  A tyrant leech (D)
  A hippogriff (D)
  A yak (D)
  3 wyverns (D)
  A water moccasin (D)
  4 porcupines (D)
  9 orc warriors (D)
  A black bear (D)
  A wolf (D)
  5 ogres (D)
  A centaur (D)
  A crocodile (D)
  3 bullfrogs (D)
  A hound (D)
  6 orc priests (D)
  An orc wizard (D)
  2 adders (D)
  An adder zombie (D)
  7 worms (D)
  2 leopard geckos (D)
  8 orcs (D)
  A bat zombie (D)
  A hobgoblin (D)
  2 bats (D)
  A giant cockroach zombie (D)
  2 rats (D)
99 creatures vanquished.

Vanquished Creatures (others)
  2 cyclopes (D)
  A bog body (D)
  A vampire (D)
  A swamp drake (D)
  A centaur (D)
  A giant cockroach simulacrum (D)
7 creatures vanquished.

Grand Total: 106 creatures vanquished

Notes
Turn   | Place    | Note
-------+----------+-------------------------------------------
     0 | D        | equalderp2856 the Felid Fighter began the quest for the Orb.
     0 | D        | Reached XP level 1. HP: 10/10 MP: 2/2
    22 | D        | Noticed a centaur
    29 | D        | Reached skill level 5 in Unarmed Combat
    31 | D        | Reached XP level 2. HP: 2/14 MP: 3/3
    39 | D        | Killed a centaur
    39 | D        | Reached skill level 7 in Unarmed Combat
    39 | D        | Reached XP level 3. HP: 12/18 MP: 4/4
    39 | D        | Reached XP level 4. HP: 15/22 MP: 5/5
   195 | D        | Found a roughly hewn altar of Beogh.
   195 | D        | Found a snail-covered altar of Cheibriados.
   195 | D        | Found a shadowy altar of Dithmenos.
   195 | D        | Found a white marble altar of Elyvilon.
   195 | D        | Found a blossoming altar of Fedhas.
   195 | D        | Found an opulent altar of Gozag.
   196 | D        | Found a hazy altar of Hepliaklqana.
   197 | D        | Found a viscous altar of Jiyva.
   198 | D        | Found an ancient bone altar of Kikubaaqudgha.
   199 | D        | Found a corrupted altar of Lugonu.
   200 | D        | Found a burning altar of Makhleb.
   201 | D        | Found a sparkling altar of Nemelex Xobeh.
   202 | D        | Found an iron altar of Okawaru.
   203 | D        | Found a stormy altar of Qazlal.
   204 | D        | Found a sacrificial altar of Ru.
   205 | D        | Found a deep blue altar of Sif Muna.
   206 | D        | Found a bloodstained altar of Trog.
   207 | D        | Found a hide-covered altar of Uskayaw.
   208 | D        | Found a radiant altar of Vehumet.
   209 | D        | Found a shimmering altar of Xom.
   210 | D        | Found a basalt altar of Yredelemnul.
   211 | D        | Found a glowing silver altar of Zin.
   217 | D        | Became a worshipper of Lugonu the Unformed
   217 | D        | Reached * piety under Lugonu
   223 | D        | Found a glowing golden altar of the Shining One.
   250 | D        | Noticed a black bear
   254 | D        | Reached skill level 5 in Fighting
   254 | D        | Reached skill level 8 in Unarmed Combat
   392 | D        | Killed a black bear
   392 | D        | Reached skill level 1 in Stealth
   392 | D        | Reached skill level 9 in Unarmed Combat
   392 | D        | Reached XP level 5. HP: 13/27 MP: 6/6
   396 | D        | Reached ** piety under Lugonu
   396 | D        | Reached skill level 10 in Unarmed Combat
   610 | D        | Noticed a troll
   610 | D        | Noticed an unseen horror
   610 | D        | Noticed a brown ugly thing
   610 | D        | Noticed a gargoyle
   610 | D        | Noticed a vampire
   612 | D        | Reached *** piety under Lugonu
   612 | D        | Gained mutation: You are covered in thick fur. (AC +2) [Felid growth]
   612 | D        | Reached XP level 6. HP: 31/31 MP: 7/7
   626 | D        | Killed a brown ugly thing
   626 | D        | Reached skill level 10 in Dodging
   626 | D        | Reached skill level 12 in Unarmed Combat
   626 | D        | Reached XP level 7. HP: 11/35 MP: 8/8
   627 | D        | Killed a vampire
   627 | D        | Reached skill level 5 in Stealth
   627 | D        | Reached skill level 13 in Unarmed Combat
   637 | D        | Killed a gargoyle
   637 | D        | Reached XP level 8. HP: 27/40 MP: 9/9
   640 | D        | Killed an unseen horror
   640 | D        | Reached skill level 14 in Unarmed Combat
  1203 | D        | Noticed a six-headed hydra
  1203 | D        | Noticed a komodo dragon
  1204 | D        | Noticed a komodo dragon
  1205 | D        | Killed a komodo dragon
  1205 | D        | Reached **** piety under Lugonu
  1205 | D        | Reached skill level 1 in Evocations
  1208 | D        | Reached skill level 15 in Unarmed Combat
  1214 | D        | Reached XP level 9. HP: 44/44 MP: 10/10
  1217 | D        | Killed a six-headed hydra
  1218 | D        | Reached skill level 16 in Unarmed Combat
  1218 | D        | Reached skill level 1 in Invocations
  1330 | D        | Killed a komodo dragon
  1330 | D        | Reached ***** piety under Lugonu
  1516 | D        | Killed a troll
  1568 | D        | Noticed a komodo dragon
  1569 | D        | Noticed a rime drake
  1807 | D        | Killed a komodo dragon
  1807 | D        | Reached skill level 10 in Stealth
  1807 | D        | Reached XP level 10. HP: 49/49 MP: 13/13
  1894 | D        | Reached skill level 17 in Unarmed Combat
  1899 | D        | Reached ****** piety under Lugonu
  2532 | D        | Noticed an orc knight
  2620 | D        | Reached skill level 15 in Dodging
  2645 | D        | Killed an orc knight
  2645 | D        | Reached skill level 18 in Unarmed Combat
  2787 | D        | Noticed an orc high priest
  2802 | D        | Killed an orc high priest
  2977 | D        | Found Ofaul's Assorted Antiques.
  2977 | D        | Noticed an ogre mage
  2980 | D        | Reached skill level 19 in Unarmed Combat
  2981 | D        | Found Pon Lek's Magic Scroll Shop.
  2987 | D        | Killed an ogre mage
  2987 | D        | Reached XP level 11. HP: 52/52 MP: 15/15
  2988 | D        | Noticed an ogre mage
  2993 | D        | Found Ysugug's Jewellery Boutique.
  3001 | D        | Found Wyuvidgh's Assorted Antiques.
  3007 | D        | Killed an ogre mage
  3007 | D        | Reached skill level 20 in Unarmed Combat
  3008 | D        | Noticed an ogre mage
  3037 | D        | Killed an ogre mage
  3369 | D        | Bought a scroll of magic mapping for 42 gold pieces
  3410 | D        | Noticed Gastronok
  3420 | D        | Killed Gastronok
  3420 | D        | Reached skill level 21 in Unarmed Combat
  3424 | D        | Noticed Erica
  3437 | D        | Killed Erica
  3747 | D        | Noticed Erolcha
  3754 | D        | Killed Erolcha
  3827 | D        | Noticed an ogre mage
  3828 | D        | Noticed a white ugly thing
  3829 | D        | Killed an ogre mage
  3860 | D        | Reached skill level 22 in Unarmed Combat
  3983 | D        | Corrupted D
  4362 | D        | Noticed a cyan very ugly thing
  4852 | D        | Killed a cyan very ugly thing
  4852 | D        | Gained mutation: Your thick and shaggy fur keeps you warm. (AC +3, rC+) [Felid growth]
  4852 | D        | Reached XP level 12. HP: 57/57 MP: 16/16
  5462 | D        | Noticed a deep troll shaman
  5463 | D        | Noticed a fire dragon
  5464 | D        | Noticed a tengu warrior
  5465 | D        | Noticed an ettin
  5617 | D        | Killed a deep troll shaman
  5631 | D        | Killed a fire dragon
  5636 | D        | Killed a tengu warrior
  5636 | D        | Reached skill level 23 in Unarmed Combat
  5739 | D        | Killed an ettin
  9621 | D        | Paralysed by fainting for 12 turns
  9778 | D        | Starved to death
  9779 | D        | Reached XP level 11. HP: 53/53 MP: 15/15
 12607 | D        | Paralysed by fainting for 5 turns
 12624 | D        | Paralysed by fainting for 6 turns
 12685 | D        | Paralysed by fainting for 11 turns
 12718 | D        | Paralysed by fainting for 12 turns
 12772 | D        | Paralysed by fainting for 12 turns
 12821 | D        | Paralysed by fainting for 11 turns
 12841 | D        | Starved to death
 12842 | D        | Reached XP level 10. HP: 49/49 MP: 14/14
 15677 | D        | Paralysed by fainting for 10 turns
 15697 | D        | Paralysed by fainting for 8 turns
 15717 | D        | Paralysed by fainting for 11 turns
 15791 | D        | Paralysed by fainting for 9 turns
 15824 | D        | Paralysed by fainting for 5 turns
 15832 | D        | Paralysed by fainting for 10 turns
 15847 | D        | Paralysed by fainting for 11 turns
 15886 | D        | Paralysed by fainting for 5 turns
 15896 | D        | Starved to death

Skill      XL: |  1  2  3  4  5  6  7  8  9 10 11 12 |
---------------+-------------------------------------+-----
Unarmed Combat | 5 7 9 10 12 13 15 16 19 22 23 | 23.2
Fighting       | 4 5 6 7 8 9 |  9.1
Dodging        | 6 8 10 11 12 14 15 16 | 16.6
Stealth        | 1 2 4 6 7 10 12 13 14 | 14.4
Evocations     | 1 3 4 |  4.4
Invocations    | 1 3 4 |  4.6

Action                   |  1- 3 |  4- 6 |  7- 9 | 10-12 || total
-------------------------+-------+-------+-------+-------++-------
Melee: Unarmed           |    27 |    39 |    38 |   229 ||   333
       Bite              |       |     5 |     5 |    30 ||    40
       Punch             |       |     4 |     2 |    31 ||    37
Invok: Bend Space        |       |       |     1 |    10 ||    11
       Corrupt           |       |       |       |     1 ||     1
       Banish            |       |       |       |     3 ||     3
Evoke: Wand              |       |     1 |     6 |     1 ||     8
  Use: Potion            |     2 |       |     3 |     4 ||     9
       Scroll            |       |       |       |     1 ||     1
 Stab: Sleeping          |       |     1 |     2 |     2 ||     5
       Distracted        |       |     1 |     1 |     2 ||     4
  Eat: Chunk             |       |     2 |       |       ||     2
       Meat ration       |       |       |       |     2 ||     2
Armor: Skin              |     1 |     1 |       |     3 ||     5
Dodge: Dodged            |    23 |    31 |    39 |   138 ||   231
